 Dungeon Crawl Stone Soup version 0.31-a0-154-g56bf346678 (webtiles) character file.

Game seed: 15959844693572759777

14305 pokeman the Eclecticist (level 11, -13/60 HPs)
             Began as a Deep Elf Hedge Wizard on June 11, 2023.
             Was an Elder of Vehumet.
             Mangled by a catoblepas (33 damage)
             ... on level 13 of the Dungeon.
             The game lasted 00:31:03 (13535 turns).

pokeman the Eclecticist (Deep Elf Hedge Wizard)    Turns: 13535, Time: 00:31:03

Health: -13/60     AC: 14    Str:  7    XL:     11   Next: 87%
Magic:  22/33      EV: 17    Int: 22    God:    Vehumet [****..]
Gold:   338        SH:  0    Dex: 11    Spells: 24/42 levels left

rFire   . . .        h - +2 short sword (venom)
rCold   + + +        M - orb of Classification {guile, Harm rC+++ Dex-3}
rNeg    . . .        P - +0 steam dragon scales
rPois   +            r - +0 helmet
rElec   .            U - +1 cloak {Will+}
rCorr   +            (no gloves)
SInv    .            o - +0 pair of boots
Will    .....        t - amulet of regeneration
Stlth   +++          u - ring "Lidyclun" {*Slow rPois rCorr EV+5 Stlth+}
HPRegen 1.10/turn    m - +4 ring of protection
MPRegen 0.23/turn

%: slow self (1%), harm (+30% outgoing, +20% incoming)
@: no status effects
A: dopey 1
a: Renounce Religion


You were on level 13 of the Dungeon.
You worshipped Vehumet.
Vehumet was greatly pleased with you.
You visited 2 branches of the dungeon, and saw 15 of its levels.
You also visited: Sewer.

You collected 660 gold pieces.
You spent 322 gold pieces at shops.

Inventory:

Hand Weapons
 h - a +2 short sword of venom (weapon)
 S - the +0 spear "Zazetzun" {flame, rF+}
   (You found it on level 9 of the Dungeon)

   rF:        It protects you from fire.
Missiles
 R - 2 throwing nets
Armour
 o - a +0 pair of boots (worn)
 r - a +0 helmet (worn)
 J - a +0 buckler
 M - the orb of Classification (worn) {guile, Harm rC+++ Dex-3}
   (You bought it in a shop on level 5 of the Dungeon)

   Dex:       It affects your dexterity (-3).
   rC:        It renders you almost immune to cold.
   Harm:      It increases damage dealt and taken.
 P - +0 steam dragon scales (worn)
 U - a +1 cloak of willpower (worn)
Jewellery
 m - a +4 ring of protection (right hand)
 t - an amulet of regeneration (around neck)
 u - the ring "Lidyclun" (left hand) {*Slow rPois rCorr EV+5 Stlth+}
   (You found it on level 3 of the Dungeon)

   [ring of evasion]

   EV:        It affects your evasion (+5).
   rPois:     It protects you from poison.
   rCorr:     It protects you from acid and corrosion.
   *Slow:     It may slow you when you take damage.
   Stlth:     It makes you more stealthy.
 Z - a ring of fire
Wands
 y - a wand of paralysis (22)
 H - a wand of quicksilver (6)
 K - a wand of digging (7)
Scrolls
 a - a scroll of vulnerability
 e - 9 scrolls of teleportation
 k - 2 scrolls of magic mapping
 B - 3 scrolls of fog {unknown}
 C - a scroll of blinking {unknown}
 F - 4 scrolls of enchant weapon {unknown}
 N - a scroll of noise {unknown}
Potions
 d - 3 potions of magic
 v - 4 potions of heal wounds
 x - 2 potions of degeneration {unknown}
 z - 5 potions of curing
 E - 4 potions of cancellation {unknown}
 L - a potion of mutation {unknown}
 X - a potion of haste {unknown}
Miscellaneous
 l - a tin of tremorstones (2/2)


   Skills:
 + Level 3.8 Fighting
 - Level 4.0 Armour
 - Level 3.0 Dodging
 - Level 3.0 Stealth
 - Level 4.0 Shields
 * Level 16.1 Spellcasting
 + Level 9.5 Conjurations
 - Level 4.0 Summonings
 - Level 1.1 Translocations
 + Level 7.9 Fire Magic
 - Level 1.0 Air Magic
 - Level 1.0 Earth Magic
 - Level 1.1 Poison Magic
 - Level 2.0 Evocations


You had 24 spell levels left.
You knew the following spells:

 Your Spells              Type           Power      Damage    Failure   Level
a - Magic Dart            Conj           100%       1d8       1%          1
b - Mephitic Cloud        Conj/Pois/Air  34%        N/A       1%          3
c - Call Imp              Summ           70%        N/A       1%          2
d - Blink                 Tloc           44%        N/A       3%          2
e - Foxfire               Conj/Fire      100%       2x1d9     1%          1
f - Stone Arrow           Conj/Erth      80%        3d12      1%          3
g - Plasma Beam           Fire/Air       18%        2x1d30    21%         6

Your spell library contained the following spells:

 Spells                   Type           Power      Damage    Failure   Level
 Hailstorm                Conj/Ice       38%        3d9       1%          3
 Kiss of Death            Conj/Necr      100%       2d13      1%          1
 Static Discharge         Conj/Air       82%        2-6/arc   1%          2
 Slow                     Hex            68%        N/A       3%          1
 Cigotuvi's Dreadful Rot  Necr/Pois/Air  40%        N/A       3%          2
 Arcjolt                  Conj/Air       20%        1d30      3%          5
 Ensorcelled Hibernation  Hex/Ice        34%        N/A       4%          2
 Airstrike                Air            11%        2d(2-18)  5%          4
 Vhi's Electric Charge    Tloc/Air       44%        N/A       6%          3
 Spider Form              Tmut/Pois      20%        N/A       8%          3
 Confusing Touch          Hex            17%        N/A       10%         3
 Summon Lightning Spire   Summ/Air       28%        N/A       12%         4
 Petrify                  Tmut/Erth      19%        N/A       26%         4
 Anguish                  Hex/Necr       8%         N/A       32%         4
 Dispel Undead            Necr           17%        3d10      32%         4
 Metabolic Englaciation   Hex/Ice        8%         N/A       65%         5
 Statue Form              Tmut/Erth      12%        N/A       99%         6


Dungeon Overview and Level Annotations

Branches:
Dungeon (14/15)            Temple (1/1) D:4            Lair (0/5) D:10
  Sewer (visited)
    Orc: D:9-12      Vaults: D:13-14

Altars:
Ashenzari
Cheibriados
Dithmenos
Elyvilon
Fedhas
Gozag
Hepliaklqana
Kikubaaqudgha
Makhleb
Nemelex Xobeh
Okawaru
Qazlal
Ru
Sif Muna
Trog
Uskayaw
Vehumet
Wu Jian
Xom
Yredelemnul
Zin
The Shining One

Shops:
D:5 [

Annotations:
D:8 exclusion: ice statue
D:11 exclusion: orange crystal statue


Innate Abilities, Weirdness & Mutations

You are dopey. (Int -2)


Message History

Aim: a catoblepas (noxious fumes, 100% to hit)
The stone arrow hits the catoblepas!
The catoblepas is lightly wounded.
The catoblepas is engulfed in noxious fumes.
The catoblepas breathes a plume of calcifying dust at you.
The blast of calcifying dust hits you.
A centaur warrior comes into view.
A centaur comes into view. x2
The centaur warrior wields a +0 orcbow.
The centaur warrior shoots an arrow.
The arrow completely misses you.
The catoblepas is engulfed in noxious fumes.
The catoblepas breathes a plume of calcifying dust at you.
The blast of calcifying dust hits you but does no damage.
Unknown command.
The catoblepas attacks as you move away!
The catoblepas gores you.
A centaur comes into view.
The centaur shouts!
A centaur comes into view.
The centaur warrior shoots an arrow.
The arrow barely misses you.
The catoblepas is engulfed in noxious fumes.
The catoblepas smashes its foot into the ground.
The centaur moves out of view.
Casting: Stone Arrow (safe; 1% risk of failure)
Confirm with . or Enter, or press ? or * to list all spells.
Aiming: Mephitic Cloud (safe; 1% risk of failure)
Press: ? - help, Shift-Dir - straight line, f - centaur, p - catoblepas
Aim: a centaur (chance to affect: 81%)
The ball explodes into a vile cloud!
The stinking cloud engulfs the centaur warrior but does no damage.
The stinking cloud engulfs the centaur but does no damage. x2
The centaur warrior is engulfed in noxious fumes.
The centaur wields a +0 shortbow.
The centaur shoots an arrow.
The arrow closely misses you.
The centaur is engulfed in noxious fumes.
The centaur wields a +2 shortbow of flaming.
It bursts into flame!
The centaur shoots an arrow.
The arrow hits you. The arrow burns you. The catoblepas gores you!!
Ouch! That really hurt!
You die...

.....#
..Y..#
#####.....#
#...#.....#
#...#.....#
#...#.....#
#§°○#cc...#
#Y°○§c....#
#@c.#.....#
#####.......
.......
.......
......$
.......
..(....


You could see a catoblepas, a centaur warrior and 3 centaurs.

Vanquished Creatures
  Snorg (D:10)
  Fannar (D:10)
  Erolcha (D:9)
  A boulder beetle (D:9)
  3 two-headed ogres
  An ugly thing (D:12)
  Maurice (D:9)
  A gargoyle (D:11)
  A rime drake (D:10)
  A komodo dragon (D:12)
  A polar bear (D:10)
  2 trolls
  Grinder (D:3)
  Sigmund (D:3)
  2 shadows
  A wraith (D:12)
  13 yaks
  2 steam dragons
  3 vampire mosquitoes (D:11)
  An acid dragon (D:10)
  A water moccasin (D:6)
  6 orc warriors
  Pargi (Sewer)
  3 ice beasts (D:10)
  An ogre (D:5)
  3 wolves (D:10)
  2 centaurs
  2 kobold brigands (D:8)
  2 bullfrogs (D:6)
  2 gnoll sergeants (D:9)
  2 scorpions (D:4)
  11 wights (D:9)
  6 killer bees (D:11)
  3 howler monkeys
  5 hounds
  8 orc priests
  A gnoll bouda (D:6)
  6 jellies
  Jessica (D:3)
  3 iguanas
  3 sleepcaps
  Natasha (thrice) (D:2)
  13 orc wizards
  19 gnolls
  10 adders
  An ufetubus (D:5)
  2 worms (D:4)
  A dart slug (D:5)
  36 orcs
  7 ball pythons
  7 endoplasms
  10 giant cockroaches
  8 goblins
  8 hobgoblins
  3 jackals (D:1)
  4 quokkas
  2 bats
  8 frilled lizards
  23 kobolds
  6 rats
  A spectral hobgoblin (D:5)
283 creatures vanquished.

Vanquished Creatures (collateral kills)
  An adder (D:2)
  A kobold (D:2)
2 creatures vanquished.

Vanquished Creatures (others)
  981 foxfires
981 creatures vanquished.

Grand Total: 1266 creatures vanquished

Notes
Turn   | Place    | Note
-------+----------+-------------------------------------------
     0 | D:1      | pokeman the Deep Elf Hedge Wizard began the quest for the
                  | Orb.
     0 | D:1      | Reached XP level 1. HP: 10/10 MP: 7/7
   173 | D:1      | Reached XP level 2. HP: 3/16 MP: 0/9
   608 | D:1      | Reached skill level 5 in Spellcasting
   807 | D:1      | Reached XP level 3. HP: 11/20 MP: 3/11
   811 | D:1      | Learned a level 3 spell: Mephitic Cloud
   814 | D:1      | Learned a level 2 spell: Call Imp
   817 | D:1      | Learned a level 2 spell: Blink
  1152 | D:1      | Reached skill level 1 in Fighting
  1326 | D:2      | Noticed Natasha
  1328 | D:2      | Reached skill level 1 in Armour
  1360 | D:2      | HP: 1/20 [Natasha (7)]
  1365 | D:2      | Killed Natasha
  1366 | D:2      | Reached XP level 4. HP: 3/25 MP: 1/13
  1678 | D:2      | Reached XP level 5. HP: 29/29 MP: 9/15
  1838 | D:2      | Reached skill level 6 in Spellcasting
  1922 | D:2      | Noticed Natasha
  1929 | D:2      | Identified the +8 quarterstaff of Extinguishment {vamp,
                  | Contam +Blink rPois rN+}
  1935 | D:2      | Killed Natasha
  1975 | D:2      | Noticed Natasha
  1980 | D:2      | Killed Natasha
  2393 | D:3      | Reached skill level 1 in Air Magic
  2393 | D:3      | Reached skill level 1 in Poison Magic
  2485 | D:3      | Reached XP level 6. HP: 14/34 MP: 10/17
  2717 | D:3      | Identified the ring "Lidyclun" {*Slow rPois rCorr EV+5
                  | Stlth+}
  2880 | D:3      | Noticed Grinder
  2892 | D:3      | Paralysed by Grinder for 4 turns
  2902 | D:3      | Paralysed by Grinder for 2 turns
  2911 | D:3      | Killed Grinder
  2912 | D:3      | Reached skill level 7 in Spellcasting
  2912 | D:3      | Reached skill level 1 in Evocations
  3054 | D:3      | Noticed Jessica
  3060 | D:3      | Killed Jessica
  3061 | D:3      | Reached XP level 7. HP: 39/39 MP: 10/19
  3297 | D:3      | Noticed Sigmund
  3328 | D:3      | Killed Sigmund
  3497 | D:4      | Found a staircase to the Ecumenical Temple.
  3504 | Temple   | Entered the Ecumenical Temple
  3509 | Temple   | Became a worshipper of Vehumet
  3523 | D:4      | Found a glowing drain.
  3537 | Sewer    | Entered a sewer
  3640 | Sewer    | Noticed Pargi
  3649 | Sewer    | Killed Pargi
  3650 | Sewer    | Reached skill level 8 in Spellcasting
  3969 | D:4      | Found a blossoming altar of Fedhas.
  4112 | D:4      | Found a glowing golden altar of the Shining One.
  4864 | D:5      | Entered Level 5 of the Dungeon
  4871 | D:5      | Reached XP level 8. HP: 44/44 MP: 16/22
  5095 | D:5      | Reached skill level 9 in Spellcasting
  5282 | D:5      | Found a bloodstained altar of Trog.
  5332 | D:5      | Found a shimmering blue altar of Sif Muna.
  5340 | D:5      | Got Sif Muna's Volume of Energy
  5343 | D:5      | Learned a level 1 spell: Foxfire
  5354 | D:5      | Reached * piety under Vehumet
  5354 | D:5      | Offered knowledge of Sandblast by Vehumet.
  5388 | D:5      | Reached skill level 5 in Conjurations
  5644 | D:5      | Found Ijozek's Antique Armour Boutique.
  5793 | D:5      | Found a sparkling altar of Nemelex Xobeh.
  5966 | D:5      | Found a hazy altar of Hepliaklqana.
  6168 | D:6      | Reached skill level 1 in Fire Magic
  6352 | D:6      | Reached skill level 10 in Spellcasting
  6486 | D:6      | Identified the +0 robe "Doweog" {rPois Dex+3}
  6773 | D:5      | Bought a slimy orb for 322 gold pieces
  6773 | D:5      | Identified the orb of Classification {guile, Harm rC+++
                  | Dex-3} (You bought it in a shop on level 5 of the Dungeon)
  6899 | D:7      | Reached XP level 9. HP: 49/49 MP: 18/25
  7186 | D:7      | Found a basalt altar of Yredelemnul.
  7345 | D:7      | Offered knowledge of Poisonous Vapours by Vehumet.
  7419 | D:7      | Noticed a two-headed ogre
  7431 | D:7      | Killed a two-headed ogre
  7431 | D:7      | Reached ** piety under Vehumet
  7432 | D:7      | Reached skill level 11 in Spellcasting
  7561 | D:7      | Found an ancient bone altar of Kikubaaqudgha.
  7561 | D:7      | Found a snail-covered altar of Cheibriados.
  7724 | D:7      | Found a glowing silver altar of Zin.
  7725 | D:7      | Noticed an angel
  7778 | D:7      | Reached skill level 1 in Shields
  7778 | D:7      | Reached skill level 12 in Spellcasting
  8417 | D:8      | Reached XP level 10. HP: 56/56 MP: 22/28
  8657 | D:8      | Noticed an ice statue
  9557 | D:9      | Offered knowledge of Stone Arrow by Vehumet.
  9562 | D:9      | Learned a level 3 spell: Stone Arrow
  9695 | D:9      | Reached skill level 5 in Fire Magic
  9731 | D:9      | Reached skill level 1 in Earth Magic
  9857 | D:9      | Noticed Erolcha
  9891 | D:9      | Killed Erolcha
  9892 | D:9      | Reached skill level 13 in Spellcasting
 10003 | D:9      | Found a transporter.
 10039 | D:9      | Found a hide-covered altar of Uskayaw.
 10055 | D:9      | Identified the +0 spear "Zazetzun" {flame, rF+}
 10063 | D:9      | Found a transporter.
 10063 | D:9      | Noticed a boulder beetle
 10084 | D:9      | Noticed Maurice
 10096 | D:9      | Killed Maurice
 10222 | D:9      | Reached *** piety under Vehumet
 10612 | D:9      | Killed a boulder beetle
 10730 | D:10     | Entered Level 10 of the Dungeon
 10730 | D:10     | Noticed Snorg
 10820 | D:10     | Reached skill level 14 in Spellcasting
 10925 | D:10     | Reached XP level 11. HP: 60/60 MP: 16/31
 11008 | D:10     | Found a staircase to the Lair.
 11019 | D:10     | Noticed Fannar
 11262 | D:10     | Killed Snorg
 11634 | D:10     | Offered knowledge of Hailstorm by Vehumet.
 11783 | D:9      | Gained mutation: You are dopey. (Int -2) [mutagenic glow]
 12082 | D:10     | Killed Fannar
 12083 | D:10     | Reached skill level 15 in Spellcasting
 12240 | D:11     | Learned a level 6 spell: Plasma Beam
 12260 | D:11     | Noticed a two-headed ogre
 12270 | D:11     | Killed a two-headed ogre
 12359 | D:11     | Identified the +5 quarterstaff "Giant's Toothpick" {heavy,
                  | Dex+4}
 12428 | D:11     | Reached **** piety under Vehumet
 12780 | D:11     | Noticed an orange crystal statue
 13252 | D:12     | Noticed a red ugly thing
 13261 | D:12     | Killed a red ugly thing
 13289 | D:12     | Noticed a two-headed ogre
 13292 | D:12     | Killed a two-headed ogre
 13293 | D:12     | Reached skill level 16 in Spellcasting
 13478 | D:12     | You fall into a shaft and drop 2 floors!
 13516 | D:14     | Noticed a wolf spider
 13521 | D:13     | Noticed a catoblepas
 13532 | D:13     | Noticed a centaur warrior
 13535 | D:13     | Mangled by a catoblepas

Illustrated notes

Levels and vault maps discovered:
D:1:      pf_arrival_petrified_forest, layout_loops_ring
D:2:      layout_loops_ring, uniq_natasha
D:3:      minmay_inner_zag, layout_basic, uniq_jessica, uniq_sigmund,
          uniq_grinder
D:4:      layout_cave_pods, mainiacjoe_overflow_small_starburst,
          kennysheep_mini, minmay_temple_entry_arrows,
          cheibrodos_sewer_entry_drain, corexii_hall_statues_t
D:5:      layout_gridville, nicolae_hepliaklqana_monster_ancestors,
          mainiacjoe_overflow_tiny_flanked,
          nzn_overflow_gifts_of_might_and_magic, serial_shops, shop
D:6:      layout_rooms
D:7:      layout_rooms, mainiacjoe_overflow_catwalk, zin_angel,
          jmf_multi_god_temple, hex_tiny
D:8:      lemuel_ice_statue, layout_layer_cave, minmay_misc_feat_ornament
D:9:      gammafunk_boulding_lane, layout_irregular_city,
          mainiacjoe_overflow_boulevard, uniq_maurice, uniq_erolcha
D:10:     layout_loops_ring, hellmonk_lair_entry_icy, uniq_snorg, uniq_fannar
D:11:     layout_cave_pools, minivault_16
D:12:     layout_long_grid, hiddenorc1_lemuel, special_room [special_room_orc]
D:13:     layout_irregular_city, chequers_serial_rivers_micro_e
D:14:     layout_long_grid, ximxim_vaults_locker_room, serial_shops, shop,
          uniq_azrael
Temple:   minmay_freezing_vapour_temple

Skill      XL: |  1  2  3  4  5  6  7  8  9 10 11 |
---------------+----------------------------------+-----
Spellcasting   | 5 6 7 8 10 12 14 16 | 16.1
Fighting       | 1 2 3 |  3.8
Armour         | 1 2 3 4 |  4.0
Conjurations   | 2 3 4 5 6 8 9 |  9.5
Dodging        | 3 |  3.0
Stealth        | 3 |  3.0
Air Magic      | 1 |  1.0
Poison Magic   | 1 |  1.1
Summonings     | 2 3 4 |  4.0
Evocations     | 1 2 |  2.0
Fire Magic     | 2 4 6 7 |  7.9
Shields        | 1 3 4 |  4.0
Earth Magic    | 1 |  1.0
Translocations | |  1.1

Action                     |  1- 3 |  4- 6 |  7- 9 | 10-12 || total
---------------------------+-------+-------+-------+-------++-------
  Melee: Dagger            |    19 |       |       |       ||    19
         Punch             |     2 |       |       |       ||     2
         Short sword       |     3 |    23 |       |     4 ||    30
         Quarterstaff      |       |    10 |    58 |    33 ||   101
   Cast: Magic Dart        |    74 |    88 |   102 |       ||   264
         Mephitic Cloud    |     1 |     4 |    17 |    18 ||    40
         Call Imp          |     1 |     3 |     3 |     1 ||     8
         Foxfire           |       |       |   220 |   319 ||   539
         Blink             |       |       |     1 |     4 ||     5
         Stone Arrow       |       |       |       |    66 ||    66
Ability: Evoke Blink       |       |       |     1 |       ||     1
    Use: Scroll            |       |       |       |    11 ||    11
   Stab: Confused          |       |     1 |     9 |     3 ||    13
 Armour: Robe              |     3 |     6 |     4 |       ||    13
         Troll leather arm |       |       |    13 |     2 ||    15
         Steam dragon scal |       |       |       |    35 ||    35
  Dodge: Dodged            |    30 |    31 |    58 |   119 ||   238

Table legend: (Time is in decaauts)
 A = Elapsed time spent in this place.
 B = Non-inter-level travel time spent in this place.
 C = Inter-level travel time spent in this place.
 D = Time resting spent in this place.
 E = Time spent auto-exploring this place.
 F = Levels seen in this place.
 G = Mean time per level.
                   A        B        C        D        E       F      G
               +--------+--------+--------+--------+--------+-----+--------+
         Total |  13586 |  13028 |    558 |    437 |  10416 |  16 |  849.1 |
       Dungeon |  13286 |  12732 |    554 |    437 |  10214 |  14 |  949.0 |
        Temple |     43 |     40 |      3 |      0 |      0 |   1 |   43.0 |
         Sewer |    256 |    256 |      0 |      0 |    202 |   1 |  256.0 |
               +--------+--------+--------+--------+--------+-----+--------+

Top non-repeatable levels by time:
     D:9: 1784 daAuts
     D:8: 1346 daAuts
     D:5: 1278 daAuts
     D:1: 1252 daAuts
    D:10: 1184 daAuts
     D:4: 1167 daAuts
     D:3: 1140 daAuts
     D:7: 1134 daAuts
     D:2: 1108 daAuts
    D:11: 752 daAuts
     D:6: 734 daAuts
    D:12: 346 daAuts
   Sewer: 256 daAuts
  Temple: 43 daAuts
    D:14: 39 daAuts
